 Dungeon Crawl Stone Soup version 0.28-a0-514-g0d7ab7f379 (webtiles) character file.

Game seed: 9841842828769826115

1155 avis the Skirmisher (level 8, -1/96 HPs)
             Began as an Ogre Transmuter on Sept 23, 2021.
             Slain by an acid dragon (6 damage)
             ... on level 5 of the Dungeon.
             The game lasted 00:35:48 (6349 turns).

avis the Skirmisher (Ogre Transmuter)               Turns: 6349, Time: 00:35:48

Health: -1/96      AC: -1    Str: 21    XL:     8   Next: 39%
Magic:  12/13      EV: 10    Int: 16    God:
Gold:   163        SH:  0    Dex:  9    Spells: 2/14 levels left

rFire   x . .      SeeInvis .     - Unarmed
rCold   + + +      Faith    .   (shield currently unavailable)
rNeg    . . .      Spirit   .   (armour currently unavailable)
rPois   +          Reflect  .   (helmet currently unavailable)
rElec   .          Harm     .   (cloak currently unavailable)
rCorr   .          Rampage  .   (gloves unavailable)
Will    .....                   (boots unavailable)
Stlth   +.........              (no amulet)
HPRegen 0.26/turn               i - +6 ring of strength
MPRegen 0.13/turn               r - ring of protection from cold

@: ice-form (expiring), corroded
A: freezing attack, amphibious, boosted hp, large, unfitting armour, (tough skin
1)
a: End Transformation


You were on level 5 of the Dungeon.
You were a creature of crystalline ice.
You visited 1 branch of the dungeon, and saw 5 of its levels.
You also visited: Ossuary.

You collected 163 gold pieces.

Inventory:

Hand Weapons
 q - a +1 long sword of draining
 t - a +0 giant club
Missiles
 b - 54 arrows
 c - 180 stones
 f - 26 poisoned darts
 l - 18 bolts
 m - 22 sling bullets
Armour
 a - a +0 robe (melded)
Magical Staves
 n - a staff of earth
Jewellery
 d - an amulet of faith
 i - a +6 ring of strength (left front paw)
 r - a ring of protection from cold (right front paw)
Scrolls
 e - a scroll of torment {unknown}
 g - 2 scrolls of identify
 j - a scroll of silence {unknown}
 k - a scroll of magic mapping {unknown}
 p - 4 scrolls of noise {unknown}
 v - a scroll of fear {unknown}
 x - a scroll of teleportation {unknown}
Potions
 h - 4 potions of curing
 o - 3 potions of mutation
 s - 3 potions of lignification
 u - a potion of attraction
 w - a potion of might {unknown}


   Skills:
 - Level 5.0 Fighting
 - Level 3.0 Dodging
 - Level 5.0 Unarmed Combat
 * Level 3.8 Spellcasting
 - Level 4.0 Transmutations
 - Level 4.0 Ice Magic
 - Level 2.0 Poison Magic


You had 2 spell levels left.
You knew the following spells:

 Your Spells              Type           Power      Damage    Failure   Level
a - Beastly Appendage     Tmut           30%        N/A       3%          1
c - Passwall              Tmut/Erth      7%         N/A       12%         2
e - Wereblood             Tmut           15%        N/A       4%          2
p - Spider Form           Tmut/Pois      6%         N/A       16%         3
q - Ice Form              Ice/Tmut       15%        N/A       32%         4

Your spell library contained the following spells:

 Spells                   Type           Power      Damage    Failure   Level
 Swiftness                Air            3%         N/A       45%         3
 Invisibility             Hex            1%         N/A       100%        6


Dungeon Overview and Level Annotations

Branches:
Dungeon (5/15)            Ossuary (visited)
 Temple: D:4-7

Altars:
Fedhas
Makhleb
Trog
Vehumet
Yredelemnul
The Shining One


Innate Abilities, Weirdness & Mutations

You are a creature of crystalline ice.
You have a powerful freezing melee attack.
You are amphibious.
Your maximum health is increased.
Your armour is entirely melded.
You are incapable of wielding weapons or throwing items.
You are too large for most types of armour.
((You have tough skin. (AC +1)))


Message History

You pummel the acid dragon!! You freeze the acid dragon.
The acid dragon is almost dead.
The acid dragon bites you but does no damage.
The acid dragon barely misses you.
You hit the acid dragon but do no damage.
The acid dragon is almost dead.
Your transformation is almost over.
The acid dragon spits acid at you. The splash of acid hits you!
The acid corrodes you!
You hit the acid dragon. You freeze the acid dragon.
The acid dragon is almost dead.
The acid dragon bites you! The acid dragon claws you.
You completely miss the acid dragon.
The acid dragon is almost dead.
The acid dragon bites you. The acid dragon barely misses you.
You hit the acid dragon but do no damage.
The acid dragon is almost dead.
The acid dragon bites you!
* * * LOW HITPOINT WARNING * * *
The acid dragon barely misses you.
You hit the acid dragon but do no damage.
The acid dragon is almost dead.
The acid dragon bites you!
* * * LOW HITPOINT WARNING * * *
The acid dragon barely misses you.
You hit the acid dragon but do no damage.
The acid dragon is almost dead.
The acid dragon spits acid at you. The splash of acid misses you.
Unknown command.
You hit the acid dragon but do no damage.
The acid dragon is almost dead.
The acid dragon bites you!
* * * LOW HITPOINT WARNING * * *
The acid dragon claws you.
* * * LOW HITPOINT WARNING * * *
You feel better. The acid dragon bites you!
* * * LOW HITPOINT WARNING * * *
The acid dragon claws you.
You die...

##........#.##...
####...
##.......###....
#...
##......###.#.=..
....
##.............#
#...#
#......†......##
###............#
# ###..........#
.. ##.........#.
.## #...Y.......
. . #...D....(..
. #........... #
#......#...?.
........###...
.........# .[. .
..?.#..... .. #
..........


You could see an acid dragon (catching breath).

Vanquished Creatures
  Sigmund (D:2)
  An ice beast (D:5)
  A black bear (D:4)
  2 ogres (D:5)
  3 scorpions
  An orc priest (D:3)
  A jelly (D:4)
  2 iguanas
  An orc wizard (D:3)
  2 hound skeletons
  A mummy (Ossuary)
  A howler monkey zombie (D:5)
  7 gnolls
  5 adders
  A howler monkey skeleton (D:3)
  2 ufetubi
  An adder zombie (D:5)
  2 dart slugs
  5 orcs (D:3)
  6 spectral bats (Ossuary)
  10 ball pythons
  6 endoplasms
  7 giant cockroaches
  7 goblins
  2 hobgoblins
  5 jackals
  8 kobolds
  8 quokkas
  3 bats
  3 bat simulacra (Ossuary)
  5 frilled lizards
  12 gnoll zombies (Ossuary)
  3 goblin simulacra (Ossuary)
  6 goblin zombies (Ossuary)
  2 kobold simulacra (Ossuary)
  5 kobold zombies (Ossuary)
  7 orc zombies (Ossuary)
  A quokka skeleton (D:4)
  A rat (D:3)
  3 rat simulacra (Ossuary)
  3 spectral goblins (Ossuary)
  4 spectral kobolds (Ossuary)
  2 spectral rats (Ossuary)
159 creatures vanquished.

Notes
Turn   | Place    | Note
-------+----------+-------------------------------------------
     0 | D:1      | avis the Ogre Transmuter began the quest for the Orb.
     0 | D:1      | Reached XP level 1. HP: 19/19 MP: 3/3
   315 | D:1      | Reached XP level 2. HP: 22/28 MP: 3/5
   786 | D:1      | Reached XP level 3. HP: 26/35 MP: 5/7
   865 | D:1      | Learned a level 3 spell: Spider Form
  1264 | D:1      | Reached skill level 1 in Poison Magic
  1540 | D:2      | Found a glowing golden altar of the Shining One.
  1849 | D:2      | Noticed Sigmund
  1946 | D:2      | Killed Sigmund
  1947 | D:2      | Reached XP level 4. HP: 48/48 MP: 5/8
  1947 | D:2      | Reached XP level 5. HP: 54/54 MP: 5/9
  2175 | D:2      | Found a faded altar of an unknown god.
  2512 | D:2      | Reached XP level 6. HP: 62/62 MP: 8/10
  2927 | D:3      | Learned a level 4 spell: Ice Form
  3631 | D:3      | Learned a level 2 spell: Passwall
  3807 | D:3      | Reached skill level 5 in Fighting
  4479 | D:4      | Found a burning altar of Makhleb.
  4526 | D:4      | Found a blossoming altar of Fedhas.
  4576 | D:4      | Found a sand-covered staircase.
  4581 | Ossuary  | Entered an ossuary
  4653 | Ossuary  | Reached XP level 7. HP: 71/72 MP: 9/11
  4978 | Ossuary  | Reached skill level 5 in Unarmed Combat
  5385 | D:4      | Reached skill level 1 in Ice Magic
  5623 | D:4      | Found a radiant altar of Vehumet.
  5629 | D:4      | Found a bloodstained altar of Trog.
  5632 | D:4      | Found a basalt altar of Yredelemnul.
  5722 | D:5      | Entered Level 5 of the Dungeon
  5794 | D:5      | Reached XP level 8. HP: 27/80 MP: 7/12
  6274 | D:5      | Learned a level 2 spell: Wereblood
  6348 | D:5      | HP: 1/96 [acid dragon (6)]
  6349 | D:5      | Slain by an acid dragon

Illustrated notes

Levels and vault maps discovered:
D:1:      dpeg_arrival_prison, layout_loops_ring, hangedman_glass_teeth,
          serial_bayou_pond_b, minmay_tetromino_i4
D:2:      layout_loops_cross, basic_altar, shapermc_ecumenical_altar_flowoftime,
          roderic_roman_lattice, uniq_sigmund
D:3:      layout_basic
D:4:      layout_basic, mainiacjoe_overflow_boulevard, fedhas_ov_isle_minmay,
          minmay_overflow_temple_star_quad, enter_ossuary_5
D:5:      layout_cave_pools, zin_statuary, minmay_misc_feat_enclosed,
          lightli_church_of_beogh

Skill      XL: |  1  2  3  4  5  6  7  8 |
---------------+-------------------------+-----
Fighting       | 2 4 5 |  5.0
Unarmed Combat | 3 4 5 |  5.0
Transmutations | 2 3 4 |  4.0
Spellcasting   | 3 |  3.8
Poison Magic   | 2 |  2.0
Dodging        | 3 |  3.0
Ice Magic      | 2 4 |  4.0

Action                   |  1- 3 |  4- 6 |  7- 9 || total
-------------------------+-------+-------+-------++-------
Melee: Unarmed           |   116 |   192 |   171 ||   479
       Kick              |    17 |    24 |    31 ||    72
       Headbutt          |    14 |    11 |    25 ||    50
       Punch             |       |     2 |     2 ||     4
 Cast: Beastly Appendage |    24 |    27 |    26 ||    77
       Spider Form       |     1 |     6 |    10 ||    17
       Ice Form          |       |       |     1 ||     1
  Use: Scroll            |       |       |     5 ||     5
       Potion            |       |       |     1 ||     1
Armor: Robe              |    30 |    44 |    29 ||   103
       Skin              |       |     3 |     6 ||     9
Dodge: Dodged            |    46 |    79 |    92 ||   217

Table legend: (Time is in decaauts)
 A = Elapsed time spent in this place.
 B = Non-inter-level travel time spent in this place.
 C = Inter-level travel time spent in this place.
 D = Time resting spent in this place.
 E = Time spent auto-exploring this place.
 F = Levels seen in this place.
 G = Mean time per level.
                   A        B        C        D        E       F      G
               +--------+--------+--------+--------+--------+-----+--------+
         Total |   6327 |   5945 |    382 |   1857 |   2419 |   6 | 1054.5 |
       Dungeon |   5815 |   5433 |    382 |   1843 |   2419 |   5 | 1163.0 |
       Ossuary |    512 |    512 |      0 |     14 |      0 |   1 |  512.0 |
               +--------+--------+--------+--------+--------+-----+--------+

Top non-repeatable levels by time:
     D:1: 1847 daAuts
     D:3: 1500 daAuts
     D:4: 1222 daAuts
     D:2: 1039 daAuts
 Ossuary: 512 daAuts
     D:5: 205 daAuts
